 Dungeon Crawl Stone Soup version 0.28.0-45-g0d030f2227 (webtiles) character file.

Game seed: 6462203151470059496

198 MeArio the Covered (level 5, -12/47 HPs)
             Began as a Minotaur Fighter on Apr 12, 2022.
             Killed by divine providence
             ... invoked by an orc priest
              (15 damage)
             ... on level 3 of the Dungeon.
             The game lasted 00:11:46 (2935 turns).

MeArio the Covered (Minotaur Fighter)               Turns: 2935, Time: 00:11:47

Health: -12/47     AC:  7    Str: 23    XL:     5   Next: 47%
Magic:  4/4        EV:  9    Int:  5    God:
Gold:   55         SH:  4    Dex:  9    Spells: 4/4 levels left

rFire   . . .      SeeInvis .   n - +1 trident (vorpal)
rCold   . . .      Faith    .   c - +0 buckler
rNeg    . . .      Spirit   .   b - +0 scale mail
rPois   .          Reflect  .   (helmet restricted)
rElec   .          Harm     .   (no cloak)
rCorr   .          Rampage  .   (no gloves)
Will    .....                   (no boots)
Stlth   ..........              (no amulet)
HPRegen 0.15/turn               (no ring)
MPRegen 0.09/turn               (no ring)

@: mighty
A: horns 2, retaliatory headbutt
a: no special abilities


You were on level 3 of the Dungeon.
You visited 1 branch of the dungeon, and saw 3 of its levels.

You collected 55 gold pieces.

Inventory:

Hand Weapons
 a - a +0 long sword
 n - a +1 vorpal trident (weapon)
Missiles
 u - 3 poisoned darts (quivered)
Armour
 b - a +0 scale mail (worn)
 c - a +0 buckler (worn)
Jewellery
 s - an amulet of the acrobat
 t - a +6 ring of intelligence
Scrolls
 e - a scroll of magic mapping {unknown}
 g - 4 scrolls of identify
 h - 3 scrolls of amnesia
 k - a scroll of torment {unknown}
 m - 2 scrolls of teleportation {unknown}
 o - a scroll of blinking {unknown}
 r - a scroll of fear {unknown}
Potions
 d - 3 potions of might
 f - 2 potions of attraction {unknown}
 i - a potion of lignification {unknown}
 j - a potion of cancellation {unknown}
 l - 2 potions of curing {unknown}
 p - 2 potions of degeneration {unknown}
 q - a potion of mutation {unknown}


   Skills:
 + Level 4.9 Fighting
 - Level 3.2 Long Blades
 + Level 2.1 Polearms
 + Level 4.9 Armour
 + Level 4.8 Shields


You had 4 spell levels left.
You didn't know any spells.
Your spell library was empty.

Dungeon Overview and Level Annotations

Branches:
Dungeon (3/15)

Altars:


Innate Abilities, Weirdness & Mutations

You have a pair of horns on your head.
You reflexively headbutt those who attack you in melee.


Message History

You closely miss the orc priest. Your headbutt misses the orc priest.
The orc priest is lightly wounded.
The orc priest hits you with a +0 whip.
The orc priest invokes the aid of Beogh against you.
Beogh smites you!
You are too injured to fight recklessly!
You are too injured to fight recklessly!
You are too injured to fight recklessly!
Okay, then.
You feel very mighty all of a sudden.
You are too injured to fight recklessly!
You are too injured to fight recklessly!
You are too injured to fight recklessly!
You are too injured to fight recklessly!
The orc priest hits you but does no damage.
The orc priest barely misses you. You furiously retaliate!
You headbutt the orc priest. The orc priest barely misses you.
The orc priest hits you but does no damage.
You are too injured to fight recklessly!
The orc priest begins to cast a cantrip, but forgets the words!
You are too injured to fight recklessly!
You are too injured to fight recklessly!
You are too injured to fight recklessly!
You are too injured to fight recklessly!
The orc priest looks braver for a moment.
There are monsters nearby!
The orc priest calls down the wrath of Beogh upon you.
You barely resist.
You are too injured to fight recklessly!
The orc priest calls down the wrath of Beogh upon you.
Beogh smites you!
* * * LOW HITPOINT WARNING * * *
The orc priest miscasts a cantrip.
The orc priest invokes the aid of Beogh against you.
Beogh smites you!
* * * LOW HITPOINT WARNING * * *
The orc priest calls down the wrath of Beogh upon you.
Beogh smites you!
You die...

.....#
.#.#.#################.#
.#.#.†)..............#.#
.#.#################.#.#
.#.# #.#.# .#.# #.#.#
##.# ######.#.# .###
#...##.#.# ...#####
#.@......### ....†..###
#...##.....#
....##...###
##.#######.#
....#......### #.# #.#
...##...?....###.# #.#
...#.............# #.#
..##..........##o# #.#
..#.....⌠.....##o# #.#
.##..........###.# #.#


You could see an orc priest and an orc.

Vanquished Creatures
  An orc priest (D:3)
  An orc wizard (D:3)
  7 adders
  4 worms
  A dart slug (D:2)
  6 orcs (D:3)
  4 ball pythons
  7 bats
  3 endoplasms (D:2)
  2 giant cockroaches
  7 goblins
  A hobgoblin (D:2)
  3 jackals (D:1)
  3 kobolds
  5 quokkas
  6 frilled lizards
  3 rats
64 creatures vanquished.

Notes
Turn   | Place    | Note
-------+----------+-------------------------------------------
     0 | D:1      | MeArio the Minotaur Fighter began the quest for the Orb.
     0 | D:1      | Reached XP level 1. HP: 19/19 MP: 0/0
   558 | D:1      | Reached XP level 2. HP: 25/27 MP: 1/1
  1285 | D:2      | Reached XP level 3. HP: 33/33 MP: 2/2
  1644 | D:2      | Found a faded altar of an unknown god.
  1875 | D:3      | Reached XP level 4. HP: 40/40 MP: 3/3
  1882 | D:3      | Reached skill level 1 in Polearms
  2223 | D:3      | Reached XP level 5. HP: 42/47 MP: 4/4
  2935 | D:3      | Killed from afar by an orc priest

Illustrated notes

Levels and vault maps discovered:
D:1:      ebering_trefoil_3fold, layout_basic, serial_park_tiny_pond
D:2:      layout_rooms, shapermc_ecumenical_altar_notcrosses
D:3:      minmay_skewed_foursquare, layout_loops_ring, st_stairs_11

Skill      XL: |  1  2  3  4  5 |
---------------+----------------+-----
Armour         | 4 |  4.9
Fighting       | 4 |  4.9
Long Blades    | 3 |  3.2
Shields        | 4 |  4.8
Polearms       | 1 2 |  2.1

Action                   |  1- 3 |  4- 6 || total
-------------------------+-------+-------++-------
Melee: Long sword        |    58 |       ||    58
       Headbutt          |     4 |    11 ||    15
       Trident           |    14 |    78 ||    92
  Use: Scroll            |     3 |       ||     3
       Potion            |       |     1 ||     1
Armor: Scale mail        |    28 |    23 ||    51
Dodge: Dodged            |    40 |    24 ||    64
Block: Buckler           |    11 |     4 ||    15
